 Dungeon Crawl Stone Soup version 0.23.2-40-g277498a001 (webtiles) character file.

Game seed: 15288325806951943613

18195 BreadTh the Geomancer (level 12, -1/94 HPs)
             Began as a Demigod Earth Elementalist on Sept 1, 2019.
             Slain by an eight-headed hydra (10 damage)
             ... on level 1 of the Lair of Beasts on Sept 2, 2019.
             The game lasted 01:15:09 (15015 turns).

BreadTh the Geomancer (Demigod Earth Elementalist) Turns: 15015, Time: 01:15:10

Health: -1/94      AC: 18    Str: 11    XL:     12   Next: 0%
Magic:  6/30       EV: 10    Int: 21    God:
Gold:   233        SH:  9    Dex: 26    Spells: 22/31 levels left

rFire    . . .     SeeInvis .   X - staff of earth
rCold    . . .     Gourm    .   U - +3 buckler {AC+3}
rNeg     + . .     Faith    .   V - +0 scale mail "Sahaeduo" {Regen+ Int+2}
rPois    .         Spirit   .   Y - -1 helmet "Reituh" {rN+ Dex+2}
rElec    .         Reflect  .   J - +0 cloak
rCorr    .         Harm     .   z - +1 pair of gloves
MR       +....                  w - +2 pair of boots {run}
Stlth    ++........             g - amulet of magic regeneration
HPRegen  0.65/turn              R - +3 ring of protection
MPRegen  0.47/turn              (no ring)

@: about to teleport, berserk cooldown, very slightly contaminated, slowed, very
slow
A: high mp 1
a: no special abilities


You were on level 1 of the Lair of Beasts.
You were not hungry.

You visited 2 branches of the dungeon, and saw 13 of its levels.
You visited 1 bazaar.

You collected 1071 gold pieces.
You spent 838 gold pieces at shops.

Inventory:

Hand Weapons
 n - the +9 fustibalus of Abomination {venom, +Fly rPois}
   (You took it off a skeletal warrior on level 11 of the Dungeon)

   It poisons the ammo it fires.
   It protects you from poison.
   It lets you fly.
 v - the +2 trident of Hatipt {protect, Int+6}
   (You took it off a wight on level 11 of the Dungeon)

   It protects the one who uses it against injury (+AC on strike).
   It affects your intelligence (+6).
 G - the +0 rapier "Gram" {freeze, rPois rN+ SInv}
   (You found it on level 6 of the Dungeon)

   It has been specially enchanted to freeze those struck by it, causing extra
   injury to most foes and up to half again as much damage against particularly
   susceptible opponents.
   It can also slow down cold-blooded creatures.
   It protects you from poison.
   It protects you from negative energy.
   It lets you see invisible.
 I - a +4 quarterstaff of chaos
Missiles
 b - 452 stones (quivered)
Armour
 w - a +2 pair of boots of running (worn)
 z - a +1 pair of gloves (worn)
 J - a +0 cloak (worn)
 U - a +3 buckler of protection (worn)
 V - the +0 scale mail "Sahaeduo" (worn) {Regen+ Int+2}
   (You found it on level 9 of the Dungeon)

   It affects your intelligence (+2).
   It increases your rate of regeneration.
 W - a +2 robe of cold resistance
 Y - the -1 helmet "Reituh" (worn) {rN+ Dex+2}
   (You bought it in a shop in a bazaar)

   It affects your dexterity (+2).
   It protects you from negative energy.
Magical Staves
 A - an uncursed staff of cold
 X - an uncursed staff of earth (weapon)
Jewellery
 g - an amulet of magic regeneration (around neck)
 R - a +3 ring of protection (left hand)
Wands
 h - a wand of iceblast (8)
 k - a wand of random effects (16)
 t - a wand of polymorph (17)
 y - a wand of enslavement (4)
 N - a wand of flame (15)
 O - a wand of acid (9)
 P - a wand of paralysis (18)
Scrolls
 c - 2 scrolls of noise
 i - 4 scrolls of amnesia
 l - a scroll of magic mapping
 q - 7 scrolls of teleportation
 s - 4 scrolls of remove curse
 M - 3 scrolls of enchant weapon
Potions
 e - 3 potions of degeneration
 j - 2 potions of berserk rage
 m - 3 potions of lignification
 o - 3 potions of invisibility
 p - 3 potions of mutation
 r - 2 potions of agility {unknown}
 u - 4 potions of flight {unknown}
 x - a potion of haste
 B - a potion of ambrosia {unknown}
 D - a potion of resistance {unknown}
 H - a potion of might {unknown}
 K - a potion of cancellation {unknown}
 L - 9 potions of curing
 Q - 2 potions of magic
Comestibles
 d - 18 rations


   Skills:
 - Level 5.0 Fighting
 + Level 2.7 Staves
 + Level 3.0 Dodging
 - Level 5.0 Stealth
 + Level 2.8 Shields
 - Level 10.0 Spellcasting
   Level 0.8 Transmutations
 * Level 12.6 Earth Magic
 + Level 2.7 Evocations


You had 22 spell levels left.
You knew the following spells:

 Your Spells              Type           Power        Failure   Level  Hunger
a - Sandblast             Erth           ######       1%          1    None
b - Stone Arrow           Conj/Erth      ######       11%         3    None
c - Lee's Rapid Deconstr  Erth           #######...   8%          5    ####...

Your spell library contained the following spells:

 Spells                   Type           Power        Failure   Level  Hunger
 Passwall                 Tmut/Erth      ######..     4%          2    None
 Petrify                  Tmut/Erth      ######..     30%         4    ##.....
 Beastly Appendage        Tmut           ##....       32%         1    None
 Summon Small Mammal      Summ           ##..         43%         1    None
 Sticks to Snakes         Tmut           ##......     45%         2    None
 Call Imp                 Summ           ##......     56%         2    None
 Spider Form              Tmut/Pois      ##........   75%         3    None
 Call Canine Familiar     Summ           ##......     80%         3    None
 Summon Guardian Golem    Hex/Summ       ##......     80%         3    None
 Ice Form                 Ice/Tmut       ##......     98%         4    ##.....
 Summon Ice Beast         Ice/Summ       ##......     99%         4    ##.....
 Summon Lightning Spire   Summ/Air       ##......     99%         4    ##.....
 Blade Hands              Tmut           ##........   100%        5    ####...


Dungeon Overview and Level Annotations

Branches:
Dungeon (12/15)            Temple (0/1) D:4            Lair (1/6) D:10
    Orc (0/2) D:10

Shops:
D:5 (

Portals:
Trove: D:11 (give 8 potions of haste)


Innate Abilities, Weirdness & Mutations

You have an increased reservoir of magic. (+10% MP)


Message History

You are exhausted.
You feel yourself slow down.
You feel better.
The eight-headed hydra closely misses you.
The eight-headed hydra bites you.
* * * LOW HITPOINT WARNING * * *
You block the eight-headed hydra's attack.
The eight-headed hydra bites you but does no damage. x2
The eight-headed hydra bites you.
* * * LOW HITPOINT WARNING * * *
The eight-headed hydra bites you but does no damage.
You block the eight-headed hydra's attack.
The crocodile bites you.
* * * LOW HITPOINT WARNING * * *
As you read the scroll of teleportation, it crumbles to dust.
You feel strangely unstable.
The eight-headed hydra bites you but does no damage. x2
You block the eight-headed hydra's attack.
The eight-headed hydra bites you!
You die...

#########
#.......#
#.......##
#........#
#.......##
#........#
#..D....[#
#..@....##
#..t.<..#
#.......#
#.......#
#.......#
#.......#
##.......#
#........#
##.......#


You could see an eight-headed hydra and a crocodile.

Vanquished Creatures
  Josephine (D:10)
  A vault guard (D:11)
  A centaur warrior (D:11)
  2 two-headed ogres
  2 skeletal warriors
  Pikel (D:5)
  An oklob plant (D:10)
  A manticore (D:12)
  A cyclops (D:10)
  A centaur zombie (D:12)
  2 trolls (D:11)
  Grinder (D:6)
  A hornet (D:8)
  6 slime creatures
  3 hippogriffs
  A spriggan (D:7)
  A basilisk (D:12)
  5 wraiths
  2 hungry ghosts
  A steam dragon (D:12)
  Edmund (D:4)
  2 insubstantial wisps (D:12)
  A water moccasin (D:6)
  An acid dragon (D:12)
  A porcupine (Lair:1)
  A black bear (D:10)
  4 orc warriors
  5 sky beasts
  3 ice beasts
  10 ogres
  2 phantoms (D:7)
  A necrophage (D:8)
  5 centaurs
  A crocodile (D:10)
  6 big kobolds
  7 bullfrogs
  A gnoll sergeant (D:9)
  A wyvern zombie (D:10)
  A water moccasin zombie (D:10)
  A wyvern skeleton (D:10)
  4 scorpions
  5 wights
  22 killer bees
  A howler monkey (D:7)
  8 crimson imps
  3 quasits
  12 orc priests
  A bullfrog zombie (D:5)
  7 hounds
  Crazy Yiuf (D:6)
  5 orc wizards
  5 bullfrog skeletons
  Ijyb (D:3)
  A centaur skeleton (D:11)
  2 iguanas
  Natasha (thrice) (D:2)
  10 worker ants
  A hound skeleton (D:7)
  A worker ant zombie (D:11)
  10 gnolls
  13 adders
  3 shadow imps
  A white imp (D:9)
  2 oozes
  2 adder skeletons
  3 worms
  3 dart slugs
  6 leopard geckos
  25 orcs
  10 bats
  5 giant cockroaches
  8 goblins
  7 hobgoblins
  10 jackals
  17 kobolds
  6 quokkas
  3 ball pythons
  7 frilled lizards
  A leopard gecko zombie (D:6)
  A quokka skeleton (D:5)
  10 rats
  A plant (D:10)
337 creatures vanquished.

Vanquished Creatures (others)
  A sky beast (D:12)
  A crimson imp (D:5)
  5 toadstools (D:1)
7 creatures vanquished.

Grand Total: 344 creatures vanquished

Notes
Turn   | Place    | Note
-------+----------+-------------------------------------------
     0 | D:1      | BreadTh the Demigod Earth Elementalist began the quest for
                  | the Orb.
     0 | D:1      | Reached XP level 1. HP: 14/14 MP: 5/5
   213 | D:1      | Reached skill level 3 in Earth Magic
   503 | D:1      | Reached XP level 2. HP: 20/22 MP: 7/7
  1021 | D:1      | Found an iron altar of Okawaru.
  1207 | D:1      | Reached skill level 1 in Fighting
  1207 | D:1      | Reached XP level 3. HP: 19/28 MP: 8/8
  1775 | D:2      | Found an ornate altar of the Wu Jian Council.
  1933 | D:2      | Learned a level 3 spell: Stone Arrow
  1961 | D:2      | Noticed Natasha
  1970 | D:2      | Killed Natasha
  1970 | D:2      | Reached XP level 4. HP: 7/35 MP: 5/9
  2221 | D:2      | Noticed Natasha
  2231 | D:2      | Killed Natasha
  2231 | D:2      | Reached skill level 4 in Earth Magic
  2247 | D:2      | Noticed Natasha
  2251 | D:2      | Killed Natasha
  2523 | D:2      | Reached XP level 5. HP: 40/40 MP: 10/10
  2704 | D:2      | Reached skill level 5 in Earth Magic
  3507 | D:3      | Reached XP level 6. HP: 47/47 MP: 2/11
  3637 | D:3      | Reached skill level 6 in Earth Magic
  3835 | D:3      | Noticed Ijyb
  3858 | D:3      | Killed Ijyb
  3980 | D:3      | Found a bloodstained altar of Trog.
  4015 | D:3      | Learned a level 5 spell: Lee's Rapid Deconstruction
  4289 | D:4      | Found a glowing golden altar of the Shining One.
  4329 | D:4      | Found a hazy altar of Hepliaklqana.
  4731 | D:4      | Found a hide-covered altar of Uskayaw.
  4772 | D:4      | Reached XP level 7. HP: 47/52 MP: 13/13
  4951 | D:4      | Reached skill level 7 in Earth Magic
  5371 | D:4      | Found a staircase to the Ecumenical Temple.
  5505 | D:5      | Entered Level 5 of the Dungeon
  5614 | D:5      | Noticed Edmund
  5806 | D:4      | Killed Edmund
  5972 | D:5      | Found Lucibets's Antique Weapon Emporium.
  6138 | D:5      | Noticed Pikel
  6144 | D:5      | Killed Pikel
  6144 | D:5      | Reached skill level 8 in Earth Magic
  6144 | D:5      | Reached XP level 8. HP: 59/59 MP: 1/17
  6191 | D:5      | Reached skill level 9 in Earth Magic
  6327 | D:5      | Found a burning altar of Makhleb.
  6447 | D:5      | Found a shimmering altar of Xom.
  6565 | D:6      | Noticed Grinder
  6647 | D:6      | Killed Grinder
  6804 | D:6      | Reached skill level 5 in Spellcasting
  6881 | D:6      | Got a translucent rapier
  6882 | D:6      | Identified the +0 rapier "Gram" {freeze, rPois rN+ SInv}
                  | (You found it on level 6 of the Dungeon)
  7060 | D:6      | Found a runed translucent door.
  7061 | D:6      | Noticed Crazy Yiuf
  7067 | D:6      | Killed Crazy Yiuf
  7236 | D:6      | Reached skill level 10 in Earth Magic
  7309 | D:6      | Noticed a two-headed ogre
  7316 | D:6      | Killed a two-headed ogre
  7316 | D:6      | Reached XP level 9. HP: 33/64 MP: 5/20
  7537 | D:6      | Reached skill level 11 in Earth Magic
  7945 | D:7      | Found a shadowy altar of Dithmenos.
  8625 | D:7      | Found a shattered altar of Ashenzari.
  9035 | D:8      | Reached XP level 10. HP: 72/72 MP: 11/23
  9301 | D:8      | Reached skill level 12 in Earth Magic
 10022 | D:9      | Found an opulent altar of Gozag.
 10114 | D:9      | Found a radiant altar of Vehumet.
 10141 | D:9      | Found a glowing silver altar of Zin.
 10290 | D:9      | Got a warped scale mail
 10362 | D:9      | Found a shattered altar of Ashenzari.
 10785 | D:10     | Entered Level 10 of the Dungeon
 11189 | D:10     | Found a staircase to the Lair.
 11189 | D:10     | Noticed an oklob plant
 11195 | D:10     | Found a staircase to the Orcish Mines.
 11211 | D:10     | Found a roughly hewn altar of Beogh.
 11402 | D:10     | Noticed Josephine
 11414 | D:10     | Killed Josephine
 11842 | D:10     | Identified the +0 scale mail "Sahaeduo" {Regen+ Int+2} (You
                  | found it on level 9 of the Dungeon)
 11964 | D:10     | Noticed a two-headed ogre
 11969 | D:10     | Killed a two-headed ogre
 11969 | D:10     | Reached XP level 11. HP: 85/85 MP: 18/28
 12345 | D:11     | Reached skill level 5 in Fighting
 12639 | D:11     | Noticed a vault guard
 12655 | D:11     | Killed a vault guard
 12745 | D:11     | Found a portal to a secret trove of treasure.
 12852 | D:12     | Reached skill level 5 in Stealth
 12879 | D:12     | Found a flickering gateway to a bazaar.
 12888 | Bazaar   | Entered a bazaar
 12888 | Bazaar   | Found Ruirurop's Weapon Boutique.
 12888 | Bazaar   | Found Azien's Armour Shop.
 12888 | Bazaar   | Found Ruomiopp's Armour Shop.
 12905 | Bazaar   | Bought a +2 pair of boots of running for 498 gold pieces
 12905 | Bazaar   | Bought a +1 buckler of protection for 198 gold pieces
 12909 | Bazaar   | Bought the cursed -1 helmet "Reituh" {rN+ Dex+2} for 142
                  | gold pieces
 13241 | D:11     | Identified the +2 trident of Hatipt {protect, Int+6}
 13275 | D:10     | Reached skill level 10 in Spellcasting
 13499 | D:10     | Reached skill level 1 in Shields
 13546 | D:11     | Reached skill level 1 in Evocations
 13556 | D:10     | Reached skill level 1 in Staves
 13747 | D:11     | Noticed a centaur warrior
 13761 | D:11     | Killed a centaur warrior
 13782 | D:11     | Identified the +9 fustibalus of Abomination {venom, +Fly
                  | rPois}
 13782 | D:11     | Noticed a skeletal warrior
 13873 | D:11     | Noticed a skeletal warrior
 13882 | D:11     | Killed a skeletal warrior
 13978 | D:10     | Killed a skeletal warrior
 14741 | D:12     | Found a hazy altar of Hepliaklqana.
 14919 | Lair:1   | Entered Level 1 of the Lair of Beasts
 14981 | Lair:1   | Reached XP level 12. HP: 94/94 MP: 26/30
 14984 | Lair:1   | Noticed an eight-headed hydra
 15010 | Lair:1   | HP: 3/141 [eight-headed hydra (5)]
 15015 | Lair:1   | Slain by an eight-headed hydra

Skill      XL: |  1  2  3  4  5  6  7  8  9 10 11 |
---------------+----------------------------------+-----
Earth Magic    | 3 4 5 6 8 10 11 12 | 12.6
Stealth        | 2 3 5 |  5.0
Spellcasting   | 2 4 5 6 8 10 | 10.0
Dodging        | 2 3 |  3.0
Fighting       | 1 4 5 |  5.0
Shields        | 2 |  2.8
Evocations     | 2 |  2.7
Staves         | 2 |  2.7
Transmutations | |  0.8

Action                   |  1- 3 |  4- 6 |  7- 9 | 10-12 || total
-------------------------+-------+-------+-------+-------++-------
Melee: Dagger            |   182 |   205 |    32 |       ||   419
       Unarmed           |     6 |       |       |       ||     6
       Quarterstaff      |       |       |    13 |       ||    13
       Dire flail        |       |       |    50 |       ||    50
       Rapier            |       |       |    56 |    27 ||    83
       Staff             |       |       |       |    85 ||    85
 Cast: Sandblast         |    12 |    23 |    21 |    41 ||    97
       Stone Arrow       |       |    31 |   131 |   215 ||   377
       Lee's Rapid Decon |       |       |     5 |    48 ||    53
  Use: Scroll            |       |       |       |    22 ||    22
       Potion            |       |       |       |     3 ||     3
 Stab: Sleeping          |     6 |     4 |     2 |       ||    12
  Eat: Chunk             |     4 |    13 |    23 |    24 ||    64
       Ration            |       |       |       |     3 ||     3
Armor: Robe              |    22 |       |       |       ||    22
       Leather armour    |    37 |    76 |    58 |    73 ||   244
       Scale mail        |       |       |       |    89 ||    89
       Skin              |       |       |       |     1 ||     1
Dodge: Dodged            |   128 |   162 |   136 |   173 ||   599
Block: Buckler           |       |       |       |    61 ||    61
